 Dungeon Crawl Stone Soup version 0.25.1-2-g60ff931df9 (webtiles) character file.

Game seed: 8237085818398520827

101 Johnny the Digger (level 4, -2/49 HPs)
             Began as a Demigod Earth Elementalist on Oct 27, 2020.
             Slain by an orc
             ... wielding a +0 trident
              (4 damage)
             ... on level 3 of the Dungeon.
             The game lasted 00:01:37 (2728 turns).

Johnny the Digger (Demigod Earth Elementalist)      Turns: 2728, Time: 00:01:37

Health: -2/49      AC: 22    Str: 11    XL:     4   Next: 24%
Magic:  6/10       EV:  2    Int: 21    God:
Gold:   108        SH:  0    Dex: 16    Spells: 7/8 levels left

rFire    . . .     SeeInvis .   e - +0 mace
rCold    . . .     Gourm    .   (no shield)
rNeg     + + +     Faith    .   (armour currently unavailable)
rPois    +         Spirit   .   (helmet currently unavailable)
rElec    .         Reflect  .   (cloak currently unavailable)
rCorr    .         Harm     .   (gloves currently unavailable)
MR       .....     NoTele   +   (boots currently unavailable)
Stlth    ++........             (no amulet)
HPRegen  0.16/turn              (no ring)
MPRegen  0.12/turn              (no ring)

@: tree-form
A: high mp 1
a: no special abilities


You were on level 3 of the Dungeon.
You were not hungry.
You were a tree.
You visited 1 branch of the dungeon, and saw 3 of its levels.

You collected 108 gold pieces.

Inventory:

Hand Weapons
 e - a +0 mace (weapon)
Missiles
 b - 62 stones (quivered)
Armour
 c - a +0 robe (melded)
 l - a +0 pair of boots (melded)
 p - a +0 cloak (melded)
Jewellery
 n - an uncursed amulet of regeneration {unknown}
Scrolls
 a - 4 scrolls of teleportation {unknown}
 g - 2 scrolls of identify {unknown}
 h - 2 scrolls of amnesia {unknown}
 i - 3 scrolls of remove curse {unknown}
 m - a scroll of fear {unknown}
Potions
 f - 2 potions of lignification
 k - a potion of mutation {unknown}
 o - a potion of curing {unknown}
Comestibles
 d - 5 rations
 j - a chunk of flesh


   Skills:
 - Level 1.7 Dodging
 - Level 1.7 Stealth
 + Level 2.6 Spellcasting
   Level 0.8 Transmutations
 * Level 4.2 Earth Magic


You had 7 spell levels left.
You knew the following spells:

 Your Spells              Type           Power        Failure   Level  Hunger
a - Sandblast             Erth           ###...       2%          1    None

Your spell library contained the following spells:

 Spells                   Type           Power        Failure   Level  Hunger
 Passwall                 Tmut/Erth      ##......     8%          2    ##.....
 Stone Arrow              Conj/Erth      ##....       17%         3    ###....
 Confusing Touch          Hex            #.......     38%         3    ###....
 Gell's Gravitas          Tloc           #.........   38%         3    ###....
 Petrify                  Tmut/Erth      ##......     43%         4    ####...
 Lee's Rapid Deconstruct  Erth           ###.......   54%         5    ######.
 Yara's Violent Unravell  Hex/Tmut       #.........   97%         5    ######.
 Metabolic Englaciation   Hex/Ice        #.........   98%         5    ######.


Dungeon Overview and Level Annotations

Branches:
Dungeon (3/15)


Innate Abilities, Weirdness & Mutations

You have an increased reservoir of magic. (+10% MP)


Message History

b - 63 stones The orc hits you with a +0 trident!
* * * LOW HITPOINT WARNING * * *
Casting: Sandblast (safe; 2% risk of failure)
Confirm with . or Enter, or press ? or * to list all spells.
Aiming: Sandblast (safe; 2% risk of failure)
Press: ? - help, Shift-Dir - straight line, f/p - orc
Aim: an orc, wielding a +0 trident (berserk)
The blast of sand hits the orc.
The orc is heavily wounded.
b - 62 stones The orc hits you with a +0 trident.
* * * LOW HITPOINT WARNING * * *
Unknown command.
It was a potion of lignification.
You turn into a tree.
Your +0 cloak melds into your body.
Your +0 pair of boots melds into your body.
Your +0 robe melds into your body.
Your roots penetrate the ground.
The orc hits you with a +0 trident.
You die...

###.# ...##
.#... ... ...
#o# #o# #♣# #.#
#.#####.#
#.......#
#.####### #.#
#.#######
#######......[.
#......>..#.##.


You could see 2 orcs.

Vanquished Creatures
  Crazy Yiuf (D:2)
  An orc wizard (D:3)
  2 dart slugs
  A leopard gecko (D:2)
  3 orcs (D:3)
  3 giant cockroaches
  4 goblins
  5 hobgoblins
  4 kobolds
  4 ball pythons (D:1)
  6 bats
  2 frilled lizards (D:1)
  3 rats
39 creatures vanquished.

Notes
Turn   | Place    | Note
-------+----------+-------------------------------------------
     0 | D:1      | Johnny the Demigod Earth Elementalist began the quest for
                  | the Orb.
     0 | D:1      | Reached XP level 1. HP: 14/14 MP: 5/5
   237 | D:1      | Reached skill level 3 in Earth Magic
   432 | D:1      | Reached XP level 2. HP: 16/20 MP: 7/7
  1440 | D:1      | Found a shimmering altar of Xom.
  1585 | D:2      | Found a glowing silver altar of Zin.
  1872 | D:2      | Found a runed translucent door.
  1873 | D:2      | Noticed Crazy Yiuf
  1902 | D:2      | Reached XP level 3. HP: 21/26 MP: 9/9
  2320 | D:2      | Killed Crazy Yiuf
  2320 | D:2      | Reached skill level 4 in Earth Magic
  2726 | D:3      | Reached XP level 4. HP: 16/33 MP: 7/10
  2727 | D:3      | HP: 1/33 [orc/+0 trident (5)]
  2728 | D:3      | Slain by an orc

Illustrated notes

Levels and vault maps discovered:
D:1:      dpeg_arrival_water_altar, layout_loops_cross
D:2:      layout_basic, zin_statuary, first_ration, uniq_crazy_yiuf_cottage
D:3:      layout_loops_corners, lemuel_tele_altar

Skill      XL: |  1  2  3 |
---------------+----------+-----
Earth Magic    | 3 4 |  4.2
Spellcasting   | 2 |  2.6
Dodging        | |  1.7
Stealth        | |  1.7
Transmutations | |  0.8

Action                   |  1- 3 |  4- 6 || total
-------------------------+-------+-------++-------
Melee: Unarmed           |    12 |       ||    12
       Mace              |    96 |       ||    96
 Cast: Sandblast         |    18 |     2 ||    20
  Use: Potion            |       |     1 ||     1
 Stab: Sleeping          |     6 |       ||     6
  Eat: Chunk             |     6 |       ||     6
Armor: Robe              |    22 |       ||    22
Dodge: Dodged            |    82 |       ||    82
